Map: Abyssal Reef LE

Players

SpeCial - Winner!

  • Race: Terran Terran
  • Spawn Location: 5:00

Pokebunny

  • Race: Terran Terran
  • Spawn Location: 11:00

Event: WCS Montreal 2017

VOD

Have the link to the VOD?

Description

Time

  • Played on: Sept. 8, 2017, 12:02 p.m.
  • Length: 4:58

All games in this series

Show
View Real Time Build Order
Export as new Build Order

SpeCial Terran - Winner!

Build Orders:  

Get SALT Encoding   

  12  0:00  SCV  
  13  0:12  SCV  
  14  0:17  Supply Depot  
  14  0:24  SCV  
  15  0:41  Barracks  
  15  0:44  Refinery  
  15  0:57  Barracks  
  15  1:01  SCV  
  16  1:13  SCV  
  17  1:19  Refinery  
  17  1:28  Reaper  
  18  1:32  Orbital Command  
  18  1:45  Reaper  
  19  1:52  Supply Depot  
  19  2:00  Reaper  
  20  2:01  SCV  
  21  2:13  SCV  
  22  2:20  Factory  
  22  2:25  Reaper  
  22  2:26  SCV  
  24  2:34  Reaper  
  24  2:38  SCV  
  25  2:50  SCV  
  25  3:02  SCV  
  25  3:04  Starport, Factory Tech Lab  
  26  3:13  Supply Depot  
  26  3:14  SCV  
  27  3:26  SCV  
  28  3:33  Command Center  
  28  3:41  Viking  
  30  3:51  Cyclone  
  30  3:53  SCV  
  34  4:03  Supply Depot  
  34  4:05  SCV  
  34  4:17  Viking, SCV  
  34  4:24  Cyclone  
  39  4:26  Barracks Reactor  
  34  4:42  SCV  
Show
View Real Time Build Order
Export as new Build Order

Pokebunny Terran 

Build Orders: 1/1/1, Cyclone Opening 

Get SALT Encoding   

  12  0:00  SCV  
  13  0:13  SCV  
  14  0:17  Supply Depot  
  14  0:25  SCV  
  15  0:29  Refinery  
  15  0:38  SCV  
  16  0:44  Barracks  
  16  0:50  SCV  
  17  0:57  Refinery  
  17  1:03  SCV  
  18  1:15  SCV  
  19  1:31  Orbital Command  
  19  1:32  Reaper  
  20  1:36  Factory  
  20  1:45  Supply Depot  
  20  1:57  SCV  
  21  2:04  Reaper  
  22  2:09  SCV  
  23  2:20  Cyclone  
  25  2:22  Starport  
  25  2:30  SCV  
  25  2:37  Reaper  
  25  2:42  SCV  
  21  2:52  Cyclone  
  21  2:55  SCV  
  24  3:07  SCV  
  24  3:11  Viking  
  27  3:19  SCV  
  28  3:20  Reaper  
  28  3:24  Supply Depot  
  29  3:28  Hellion  
  31  3:46  Medivac, SCV  
  33  3:58  Barracks Tech Lab  
  33  3:59  SCV  
  33  4:04  Hellion  
  33  4:13  Supply Depot  
  33  4:16  SCV  
  28  4:41  SCV  
Tags
 
Add a new tag
Caveats
  • Supply blocks, unpowered buildings, or Contaminate may cause inaccurate times.
  • Supply counts are checked every 10 seconds.